 Dungeon Crawl Stone Soup version 0.28-a0-265-g048bc9fd10 (webtiles) character file.

Game seed: 8363402685056241873

23 desmos the Skirmisher (level 2, 0/40 HPs)
             Began as a Hill Orc Berserker on Aug 27, 2021.
             Was a Follower of Trog.
             Succumbed to an adder's poison
             ... on level 1 of the Dungeon.
             The game lasted 00:07:50 (786 turns).

desmos the Skirmisher (Hill Orc Berserker)           Turns: 786, Time: 00:07:51

Health: 0/40       AC: 21    Str: 19    XL:     2   Next: 95%
Magic:  2/2        EV:  2    Int:  7    God:    Trog [*.....]
Gold:   10         SH:  0    Dex: 10    Spells: 1/1 levels left

rFire   . . .      SeeInvis .   a - +0 mace
rCold   . . .      Faith    .   (no shield)
rNeg    + + +      Spirit   .   (armour currently unavailable)
rPois   +          Reflect  .   (helmet currently unavailable)
rElec   .          Harm     .   (cloak currently unavailable)
rCorr   .          Rampage  .   (gloves currently unavailable)
Will    .....      NoTele   +   (boots currently unavailable)
Stlth   +.........              (no amulet)
HPRegen 0.13/turn               (no ring)
MPRegen 0.08/turn               (no ring)

@: lethally poisoned (0 -> -3), tree-form
A: stationary, stasis, torment immunity, boosted hp
a: Renounce Religion, Berserk


You were on level 1 of the Dungeon.
You worshipped Trog.
Trog was aware of your devotion.
You were a tree.
You visited 1 branch of the dungeon, and saw 2 of its levels.

You collected 10 gold pieces.

Inventory:

Hand Weapons
 a - a +0 mace (weapon)
Armour
 b - a +0 animal skin
 j - a +0 leather armour (melded)
Jewellery
 i - a ring of ice
Scrolls
 d - a scroll of vulnerability {unknown}
 f - a scroll of silence {unknown}
 h - a scroll of teleportation {unknown}
 k - a scroll of blinking {unknown}
Potions
 c - a potion of mutation {unknown}
 g - a potion of attraction {unknown}


   Skills:
 + Level 4.1 Fighting
 + Level 3.7 Maces & Flails
 + Level 2.7 Armour
 - Level 1.6 Dodging


You had one spell level left.
You didn't know any spells.
Your spell library was empty.

Dungeon Overview and Level Annotations

Branches:
Dungeon (2/15)

Altars:

Shops:
D:1 =


Message History

The adder is heavily wounded.
You feel sick. The adder bites you but does no damage. The adder misses you.
You barely miss the adder.
The adder is heavily wounded.
You feel sick.
You are no longer poisoned.
The adder bites you but does no damage.
You hit the adder.
The adder is severely wounded.
The adder bites you.
You are poisoned.
The adder poisons you! The adder bites you but does no damage.
You hit the adder but do no damage.
The adder is severely wounded.
You feel sick. The adder closely misses you.
You hit the adder.
The adder is almost dead.
You feel sick. The adder bites you.
* * * LOW HITPOINT WARNING * * *
You are lethally poisoned!
The adder poisons you! The adder misses you.
* * * LOW HITPOINT WARNING * * *
You feel sick. The adder bites you but does no damage.
You climb upwards.
* * * LOW HITPOINT WARNING * * *
You feel very sick.
There is a stone staircase leading down here.
* * * LOW HITPOINT WARNING * * *
You feel sick. The adder bites you but does no damage.
* * * LOW HITPOINT WARNING * * *
You feel sick.
There is a stone staircase leading down here.
It was a potion of lignification.
You turn into a tree.
Your +0 leather armour melds into your body.
Your roots penetrate the ground.
* * * LOW HITPOINT WARNING * * *
You feel sick. The adder bites you but does no damage.
You barely miss the adder.
The adder is almost dead.
You die...

## #####.# #####.# .#
#.....# #.# .#
##'###+#########.######
.#
#...#...#...(.........#
.#
#...#.>.########.####.#
.#
#...#...########.......
.#
#.<.#.>.#......).^.....
.#
#...#.S.#.######..###.#
.# #...#.♣.#.# #..# #.#
.######
#...#...#.######..# #.#
......##
##+###'##.........# #.#
####⌠.⌠#
#.........######.# #.#
#.∩.#
#######..#.#####.# #.#
#⌠.⌠# #.###......# #..
##..# #..#.####..# ###
#.#### #...## #..####
#....#########....#
#.....##


You could see an adder.

Vanquished Creatures
  A dart slug (D:1)
  5 endoplasms (D:1)
  A giant cockroach (D:1)
  2 goblins (D:1)
  4 bats
  A frilled lizard (D:1)
  2 kobolds (D:1)
  3 rats (D:1)
19 creatures vanquished.

Notes
Turn   | Place    | Note
-------+----------+-------------------------------------------
     0 | D:1      | desmos the Hill Orc Berserker began the quest for the Orb.
     0 | D:1      | Reached XP level 1. HP: 19/19 MP: 1/1
   150 | D:1      | Found Vuhale Kuif's Jewellery Shoppe.
   188 | D:1      | Reached XP level 2. HP: 27/27 MP: 2/2
   242 | D:1      | Reached skill level 4 in Fighting
   785 | D:1      | HP: 2/40 [poisoned by an adder]
   786 | D:1      | Succumbed to an adder's poison

Illustrated notes

Levels and vault maps discovered:
D:1:      minmay_arrival_up_and_down, layout_loops_ring, serial_shops,
          shop_fountains, chequers_mini_garden
D:2:      layout_loops_ring, serial_shops, shop

Skill      XL: |  1  2 |
---------------+-------+-----
Fighting       | 4 |  4.1
Maces & Flails | |  3.7
Armour         | |  2.7
Dodging        | |  1.6

Action                   || total
-------------------------++-------
Melee: Mace              ||    54
  Use: Potion            ||     1
 Stab: Sleeping          ||     2
Armor: Animal skin       ||     6
       Leather armour    ||     8
       Skin              ||     1
Dodge: Dodged            ||    27

Table legend: (Time is in decaauts)
 A = Elapsed time spent in this place.
 B = Non-inter-level travel time spent in this place.
 C = Inter-level travel time spent in this place.
 D = Time resting spent in this place.
 E = Time spent auto-exploring this place.
 F = Levels seen in this place.
 G = Mean time per level.
                   A        B        C        D        E       F      G
               +--------+--------+--------+--------+--------+-----+--------+
         Total |    798 |    798 |      0 |    124 |    411 |   2 |  399.0 |
       Dungeon |    798 |    798 |      0 |    124 |    411 |   2 |  399.0 |
               +--------+--------+--------+--------+--------+-----+--------+

Top non-repeatable levels by time:
     D:1: 779 daAuts
     D:2: 19 daAuts
